 Dungeon Crawl Stone Soup version 0.26-a0-812-g31a745ddcd (webtiles) character file.

Game seed: 17382718023275536436

28 Azzok the Chopper (level 3, 27/29 HPs)
             Began as a Demonspawn Berserker on Nov 15, 2020.
             Was a Follower of Trog.
             Quit the game on level 1 of the Dungeon.
             The game lasted 00:00:53 (701 turns).

Azzok the Chopper (Demonspawn Berserker)             Turns: 701, Time: 00:00:54

Health: 27/29      AC: 10    Str: 18    XL:     3   Next: 0%
Magic:  3/3        EV:  7    Int:  8    God:    Trog [*.....]
Gold:   30         SH:  0    Dex: 12    Spells: 2/2 levels left

rFire    . . .     SeeInvis .   a - +0 hand axe
rCold    . . .     Faith    .   (no shield)
rNeg     . . .     Spirit   .   d - +0 chain mail
rPois    .         Reflect  .   c - +1 helmet
rElec    .         Harm     .   (no cloak)
rCorr    .         Rampage  .   (no gloves)
MR       .....                  (no boots)
Stlth    ..........             (no amulet)
HPRegen  0.09/turn              (no ring)
MPRegen  0.08/turn              (no ring)

@: no status effects
A: talons 1, rot immunity
a: Berserk, Renounce Religion


You were on level 1 of the Dungeon.
You worshipped Trog.
Trog was aware of your devotion.
You visited 1 branch of the dungeon, and saw 1 of its levels.

You collected 30 gold pieces.

Inventory:

Hand Weapons
 a - a +0 hand axe (weapon)
Armour
 c - a +1 helmet (worn)
 d - a +0 chain mail (worn)


   Skills:
 - Level 3.0 Fighting
 + Level 3.8 Axes
 - Level 1.7 Armour
 - Level 1.7 Dodging


You had 2 spell levels left.
You didn't know any spells.
Your spell library was empty.

Dungeon Overview and Level Annotations

Branches:
Dungeon (1/15)

Altars:


Innate Abilities, Weirdness & Mutations

You have sharp toenails.
You are immune to rotting.


Message History

The bat hits you but does no damage. The jackal barely misses you.
The hobgoblin hits you but does no damage.
You miss the jackal. Your kick misses the jackal. You hit the hobgoblin.
You hit the bat.
You kill the bat!
Trog accepts your kill.
You have reached level 3!
Your experience leads to an increase in your attributes!
Increase (S)trength, (I)ntelligence, or (D)exterity?
You feel stronger.
Your demonic ancestry asserts itself...
You feel immune to rotting. The jackal barely misses you.
The jackal bites you but does no damage.
The hobgoblin hits you but does no damage.
You hit the hobgoblin.
The hobgoblin is almost dead.
You closely miss the jackal.
The jackal bites you but does no damage.
The hobgoblin hits you with a +0 club.
Are you sure you want to abandon this character and quit the game? (Confirm with "yes".)

············▒▒▒▒▒▒▒
···········▒▒···▒▒
···········▒▒·····
▒g··············
╬···············
▒·····▒▒········
▒▒▒▒·····▒▒········
▒·†g·····▒▒······▒▒
▒†@▒▒▒▒▒▒▒▒······▒▒
······h≈≈≈≈≈▒ ▒▒·······
····≈·≈≈≈≈≈≈≈▒ ▒▒······
·····≈·≈≈≈≈≈≈≈≈ ▒▒······
····≈≈≈≈≈≈≈≈≈▒▒ ▒·······
····≈≈≈≈≈▒▒▒▒▒▒▒▒▒▒▒▒▒▒·
····≈·≈≈≈·······▒▒▒▒▒▒▒·
▒▒▒▒·≈·≈≈··········▒····
≈≈········)·▒····


You could see a jackal and a hobgoblin.

Vanquished Creatures
  A leopard gecko (D:1)
  4 goblins (D:1)
  4 hobgoblins (D:1)
  4 jackals (D:1)
  4 bats (D:1)
  A frilled lizard (D:1)
  3 kobolds (D:1)
  3 rats (D:1)
24 creatures vanquished.

Notes
Turn   | Place    | Note
-------+----------+-------------------------------------------
     0 | D:1      | Azzok the Demonspawn Berserker began the quest for the Orb.
     0 | D:1      | Reached XP level 1. HP: 18/18 MP: 1/1
     6 | D:1      | Noticed a black bear
     6 | D:1      | Noticed a black mamba
     6 | D:1      | Noticed an iguana
   195 | D:1      | Gained mutation: You have sharp toenails. [demonic
                  | ancestry]
   195 | D:1      | Reached XP level 2. HP: 22/24 MP: 2/2
   699 | D:1      | Gained mutation: You are immune to rotting. [demonic
                  | ancestry]
   699 | D:1      | Reached XP level 3. HP: 29/29 MP: 3/3
   701 | D:1      | Quit the game

Illustrated notes

Levels and vault maps discovered:
D:1:      onia_arrival_zoo_common, layout_basic, serial_rivers,
          chequers_serial_rivers_large_a, chequers_serial_rivers_micro_c,
          chequers_serial_rivers_micro_a, chequers_serial_rivers_small_3,
          chequers_serial_rivers_small_3, minmay_misc_feat_doors

Skill      XL: |  1 |
---------------+----+-----
Axes           | 3 |  3.8
Fighting       | |  3.0
Armour         | |  1.7
Dodging        | |  1.7

Action                   || total
-------------------------++-------
Melee: Hand axe          ||    54
       Kick              ||     9
Armor: Animal skin       ||     7
       Chain mail        ||    43
Dodge: Dodged            ||    47

Table legend: (Time is in decaauts)
 A = Elapsed time spent in this place.
 B = Non-inter-level travel time spent in this place.
 C = Inter-level travel time spent in this place.
 D = Time resting spent in this place.
 E = Time spent auto-exploring this place.
 F = Levels seen in this place.
 G = Mean time per level.
                   A        B        C        D        E       F      G
               +--------+--------+--------+--------+--------+-----+--------+
         Total |    716 |    716 |      0 |      0 |    529 |   1 |  716.0 |
       Dungeon |    716 |    716 |      0 |      0 |    529 |   1 |  716.0 |
               +--------+--------+--------+--------+--------+-----+--------+

Top non-repeatable levels by time:
     D:1: 716 daAuts
